[Event "*** Titled Tuesday Blitz"]
[Site "Chess.com"]
[Date "2020.10.20"]
[Round "10"]
[White "Anton_Demchenko"]
[Black "Belka1989"]
[Result "1-0"]
[WhiteElo "2801"]
[BlackElo "2332"]
[TimeControl "180+1"]
[EndTime "11:56:34 PDT"]
[Termination "Anton_Demchenko won by resignation"]

1. e4 c5 2. Nf3 d6 3. d4 cxd4 4. Nxd4 Nf6 5. Nc3 a6 6. f3 e5 7. Nb3 Be7 8. Be3 Be6 9. Qd2 O-O 10. O-O-O a5 11. Bb5 Na6 12. g4 Nc7 13. g5 Nh5 14.
a4 Nxb5 15. Nxb5 Rc8 16. Kb1 Rc4 17. Nxd6 Rxa4 18. Nc5 Rb4 19. c3 Rb6 20. Nxe6 fxe6 21. Nc4 Rb5 22. Qd7 Qe8 23. Qxe6+ Kh8 24. Rd7 Bd8 25.
Qxe8 Rxe8 26. Nd6 1-0

[Event "*** Titled Tuesday Blitz"]
[Site "Chess.com"]
[Date "2020.10.20"]
[Round "10"]
[White "ChessArchitect64"]
[Black "TrickyFortem"]
[Result "0-1"]
[WhiteElo "2059"]
[BlackElo "2424"]
[TimeControl "180+1"]
[EndTime "11:56:35 PDT"]
[Termination "TrickyFortem won by checkmate"]

1. d4 d5 2. c4 e6 3. e3 f5 4. cxd5 exd5 5. Nc3 Nf6 6. Bd3 c6 7. Qc2 Qd7 8. Nge2 Bd6 9. Bd2 O-O 10. O-O-O Ne4 11.
Rhf1 b5 12. f3 Nxd2 13. Qxd2 b4 14. Nb1 a5 15. e4 Ba6 16. Bxa6 Nxa6 17. e5 Be7 18.
Nf4 Nc7 19. Rde1 Bg5 20. g3 Ne6 21. h4 Bxf4 22. gxf4 c5 23. dxc5 Rac8 24. Kd1 Rxc5 25. Re2 Qe7 26. h5 Rfc8 27. Qe3 d4 28. Qd3 Rc1+ 29.
Kd2 Rxf1 30. Qxf5 Rf8 31. Qd3 Nxf4 32. Qa6 Nxe2 33. Qxe2 Rxb1 34. Kd3 Qf7 35. Ke4 Qf5+ 36. Kd5 Rd8+ 37. Kc5 Qc8+ 38. Kb5 Rd5+ 39. Ka4 Qc6+ 40.
Kb3 a4+ 41. Kxb4 Rb5+ 42. Ka3 R1xb2 43. e6 Qc3+ 44. Kxa4 Qb4# 0-1

[Event "*** Titled Tuesday Blitz"]
[Site "Chess.com"]
[Date "2020.10.20"]
[Round "10"]
[White "IANOV0007"]
[Black "poppy73"]
[Result "1-0"]
[WhiteElo "2462"]
[BlackElo "2223"]
[TimeControl "180+1"]
[EndTime "11:56:37 PDT"]
[Termination "IANOV0007 won by resignation"]

1. Nf3 Nf6 2. g3 g6 3. b3 Bg7 4. Bb2 O-O 5. Bg2 d6 6. d4 Nbd7 7. O-O e5 8. dxe5 Ng4 9. c4 Ngxe5 10. Nc3 Nxf3+ 11. Bxf3 Ne5 12. Bg2 c6 13. Qd2 Qc7 14.
Rad1 Rd8 15. h3 f5 16. f4 Nf7 17. e4 fxe4 18. Nxe4 Bf5 19. Bxg7 Bxe4 20. Bb2 Bxg2 21. Kxg2 Re8 22. Qc3 Re2+ 23. Kf3 Rxb2 24. Qxb2 Qd7 25.
Kg2 Qf5 26. Rfe1 h5 27. Qb1 Qf6 28. Qe4 h4 29. g4 Kg7 30. g5 Qc3 31. Qd4+ Qxd4 32.
Rxd4 c5 33. Rd3 a6 34. Re7 b5 35. Rxd6 bxc4 36. Rdd7 c3 37. Rxf7+ Kg8 38. Rfe7 c2 39.
Re1 1-0

[Event "*** Titled Tuesday Blitz"]
[Site "Chess.com"]
[Date "2020.10.20"]
[Round "10"]
[White "jacky72"]
[Black "Sueetin"]
[Result "0-1"]
[WhiteElo "2526"]
[BlackElo "2370"]
[TimeControl "180+1"]
[EndTime "11:56:42 PDT"]
[Termination "Sueetin won by resignation"]

1. Na3 d5 2. c4 d4 3. e4 e5 4.
d3 Nc6 5. Nc2 a5 6. Bd2 Nf6 7.
Be2 Be7 8. f4 h5 9. Nf3 exf4 10.
Bxf4 Ng4 11. Qd2 f6 12. h3 Nge5 13. Bxe5 Nxe5 14. Nfxd4 f5 15. Nxf5 Bxf5 16. exf5 Bh4+ 17. Kd1 Bg5 18. Qc3 Bf6 19. d4 c5 20. Kc1 cxd4 21. Qxd4 Qc7 22. Kb1 Rd8 23. Qe4 O-O 24. a4 Rfe8 25. Ra3 Nc6 26. Qf3 Rd2 27. Bd1 Red8 28. g4 Qe5 29. Rb3 Nd4 30. Qc3 Nxb3 31. Qxe5 Rxd1+ 32. Rxd1 Rxd1+ 33. Ka2 Nc1+ 34. Ka3 Bxe5 35.
b4 axb4+ 36. Kxb4 Nd3+ 37. Ka5 Rb1 38. Nb4 Bc3 39. Kb6 Rxb4+ 40. Ka7 Bd4+ 0-1

[Event "*** Titled Tuesday Blitz"]
[Site "Chess.com"]
[Date "2020.10.20"]
[Round "10"]
[White "Zmof"]
[Black "zurzan"]
[Result "1-0"]
[WhiteElo "2163"]
[BlackElo "2006"]
[TimeControl "180+1"]
[EndTime "11:56:52 PDT"]
[Termination "Zmof won by resignation"]

1. e4 Nf6 2. e5 Nd5 3. d4 d6 4. Nf3 g6 5. c4 Nb6 6. exd6 cxd6 7.
Nc3 Bg7 8. Be3 O-O 9. h3 Nc6 10. Be2 e5 11. dxe5 dxe5 12. Qxd8 Rxd8 13. Bxb6 axb6 14. Nd5 b5 15. Nb6 Ra5 16. Nxc8 Rxc8 17. cxb5 Nb4 18. O-O e4 19. Ng5 Bxb2 20. Rab1 Rc2 21.
Bd1 Rxa2 22. Bxc2 Nxc2 23. Nxe4 f5 24. Nd6 b6 25. Nc4 Bd4 26. Rbd1 Bc5 27. Rd8+ Kg7 28.
Rb8 Nd4 29. Nxb6 Nxb5 30. Nd7 1-0

[Event "*** Titled Tuesday Blitz"]
[Site "Chess.com"]
[Date "2020.10.20"]
[Round "10"]
[White "cristiancamilosoto"]
[Black "qaswara1977"]
[Result "0-1"]
[WhiteElo "2174"]
[BlackElo "2466"]
[TimeControl "180+1"]
[EndTime "11:56:52 PDT"]
[Termination "qaswara1977 won on time"]

1. c4 g6 2. Nc3 Bg7 3. d4 c5 4.
e3 cxd4 5. exd4 Nh6 6. Nf3 Nf5 7. Be2 O-O 8. O-O Nc6 9. d5 Ncd4 10. Nxd4 Nxd4 11. Be3 Nxe2+ 12. Qxe2 d6 13. Rad1 Bd7 14. Bd4 Bh6 15. f4 f6 16. f5 gxf5 17. Qh5 Bg7 18. Rf3 Qe8 19. Qh4 Rf7 20. Rg3 Kh8 21. Rf1 Bf8 22.
Rf4 Rg7 23. Qh3 Rg4 0-1

[Event "*** Titled Tuesday Blitz"]
[Site "Chess.com"]
[Date "2020.10.20"]
[Round "10"]
[White "Koalaskakistis"]
[Black "Berardino"]
[Result "0-1"]
[WhiteElo "2464"]
[BlackElo "2591"]
[TimeControl "180+1"]
[EndTime "11:56:54 PDT"]
[Termination "Berardino won by resignation"]

1. Nf3 Nf6 2. g3 g6 3. Bg2 Bg7 4. O-O O-O 5. d3 d5 6. Nbd2 Nc6 7. e4 h6 8. exd5 Nxd5 9. Re1 Bg4 10. h3 Bf5 11. d4 Qd7 12. g4 Be6 13. c4 Nf4 14. d5 Bxg4 15. dxc6 bxc6 16. Ne5 Bxe5 17. Qxg4 f5 18.
Qf3 Nd3 19. Re3 Rad8 20. Qxc6 Qxc6 21. Bxc6 Bf4 22. Bd5+ Rxd5 23. cxd5 Bxe3 24. fxe3 Rd8 25. Nb3 Rxd5 26. Bd2 Nxb2 27. Rc1 Rd7 28. Bc3 Nd3 29. Rd1 e5 30. Nc1 e4 31. Nxd3 exd3 32. Bd4 a6 33. Kf2 Kf7 34. Rc1 f4 35. Rc6 d2 36. Ke2 fxe3 37.
Rc4 c5 0-1

[Event "*** Titled Tuesday Blitz"]
[Site "Chess.com"]
[Date "2020.10.20"]
[Round "10"]
[White "shriyanasmallya"]
[Black "gusmaster2262"]
[Result "0-1"]
[WhiteElo "1654"]
[BlackElo "2170"]
[TimeControl "180+1"]
[EndTime "11:56:55 PDT"]
[Termination "gusmaster2262 won by checkmate"]

1. e4 c6 2. d4 d5 3. e5 Bf5 4. Bd3 Bxd3 5. Qxd3 Qa5+ 6. Bd2 Qa6 7. Qh3 e6 8. Nf3 Ne7 9. Nc3 Nd7 10. Ng5 h6 11.
Nf3 c5 12. dxc5 Ng6 13. O-O-O Bxc5 14. Be3 Bxe3+ 15. fxe3 Rc8 16. Nd4 Rxc3 17. bxc3 Ngxe5 18. Kd2 Nc5 19. Ke1 Ne4 20. Rf1 O-O 21. Qh5 f5 22. Nf3 Ng4 23. Rd3 Qxa2 24. Ke2 Qxc2+ 25. Nd2 Nxc3+ 26. Ke1 Qd1# 0-1

[Event "*** Titled Tuesday Blitz"]
[Site "Chess.com"]
[Date "2020.10.20"]
[Round "10"]
[White "Cocaino74"]
[Black "coco_crc"]
[Result "1-0"]
[WhiteElo "2358"]
[BlackElo "2184"]
[TimeControl "180+1"]
[EndTime "11:57:01 PDT"]
[Termination "Cocaino74 won on time"]

1. a4 Nf6 2. Ra3 e6 3. Rg3 d5 4.
e3 c5 5. Nf3 Nc6 6. b3 e5 7.
Bb5 Ne4 8. Nxe5 Nxg3 9. hxg3 Bd7 10. Bxc6 Bxc6 11. Qh5 Qf6 12. Bb2 Qe6 13. Nxc6 Qxc6 14.
Nc3 d4 15. Qe5+ Be7 16. Qxg7 O-O-O 17. Nb5 Kb8 18. Rh6 Qxg2 19. Qe5+ Bd6 20. Rxd6 Qh1+ 21. Ke2 Qh5+ 22. Qxh5 1-0

[Event "*** Titled Tuesday Blitz"]
[Site "Chess.com"]
[Date "2020.10.20"]
[Round "10"]
[White "grandcoach"]
[Black "Playgood28"]
[Result "0-1"]
[WhiteElo "2146"]
[BlackElo "2284"]
[TimeControl "180+1"]
[EndTime "11:57:04 PDT"]
[Termination "Playgood28 won on time"]

1. e4 e5 2. Nf3 d6 3. d4 exd4 4. Nxd4 Nf6 5. Nc3 Be7 6. Bc4 O-O 7. O-O Nxe4 8. Nxe4 d5 9. Bd3 dxe4 10. Bxe4 Re8 11. Bd3 Bf6 12. Be3 Nd7 13. c3 Ne5 14. Be2 a6 15.
Qb3 c5 16. Nf3 Qc7 17. c4 Ng4 18. Rfe1 Nxe3 19. fxe3 b6 20. Bd3 Bb7 21. Qc2 g6 22. Qf2 Bg7 23. Rf1 Rad8 24. Rad1 Qe7 25. Rfe1 Be4 26.
Bxe4 Rxd1 27. Rxd1 Qxe4 28. Kh1 Qxe3 29. Qxe3 Rxe3 30. Rd6 b5 0-1

[Event "*** Titled Tuesday Blitz"]
[Site "Chess.com"]
[Date "2020.10.20"]
[Round "10"]
[White "Qvalda"]
[Black "vladgoncharov"]
[Result "0-1"]
[WhiteElo "2405"]
[BlackElo "2508"]
[TimeControl "180+1"]
[EndTime "11:57:05 PDT"]
[Termination "vladgoncharov won on time"]

1. d4 Nf6 2. c4 e6 3. Nc3 Bb4 4. e3 O-O 5. Ne2 Re8 6. a3 Bf8 7. g3 d5 8. cxd5 exd5 9. Bg2 c6 10. O-O Nbd7 11. f3 c5 12. dxc5 Nxc5 13. Nd4 Bd7 14. b4 Ne6 15. Bb2 Qb6 16. Kh1 Nxd4 17. Qxd4 Rxe3 18. Nxd5 Nxd5 19. Qxd5 Bc6 20. Qg5 Re2 21.
Rab1 Rae8 22. Qg4 a6 23. Bd4 Qb5 24. Rbc1 Qd3 25. Rc5 Re1 26. Rc1 Rxc1 27. Rxc1 Qxa3 28. Rg1 Qxb4 29. h4 Rd8 30. Rd1 Ba4 31. Qg5 Rd6 0-1

[Event "*** Titled Tuesday Blitz"]
[Site "Chess.com"]
[Date "2020.10.20"]
[Round "10"]
[White "QuintilianoR"]
[Black "TST2014"]
[Result "1-0"]
[WhiteElo "2659"]
[BlackElo "2505"]
[TimeControl "180+1"]
[EndTime "11:57:06 PDT"]
[Termination "QuintilianoR won by checkmate"]

1. Nf3 Nf6 2. d4 g6 3. c4 Bg7 4. Nc3 O-O 5. e4 d6 6. Be2 e5 7. O-O Nc6 8. d5 Ne7 9. b4 Nh5 10. g3 f5 11. Ng5 Nf6 12. f3 f4 13. b5 Nh5 14. g4 Nf6 15. Ne6 Bxe6 16. dxe6 c6 17.
bxc6 bxc6 18. Rb1 Rb8 19. Ba3 Ne8 20. Qa4 Rxb1 21. Rxb1 Nc7 22. Rd1 Nxe6 23. Rxd6 Qb6+ 24. c5 Nxc5 25. Qc4+ Ne6+ 26. Kf1 Kh8 27. Rxe6 Rd8 28. Rxe7 Bf8 29. Qf7 Bxe7 30. Bxe7 Rf8 31. Bf6# 1-0

[Event "*** Titled Tuesday Blitz"]
[Site "Chess.com"]
[Date "2020.10.20"]
[Round "10"]
[White "jamalm2"]
[Black "Evachess2006"]
[Result "1-0"]
[WhiteElo "1822"]
[BlackElo "1623"]
[TimeControl "180+1"]
[EndTime "11:57:06 PDT"]
[Termination "jamalm2 won on time"]

1. e4 e5 2. Nf3 Nc6 3. d4 exd4 4.
Bc4 d6 5. O-O Be7 6. Nxd4 Nf6 7.
Nc3 O-O 8. h3 Nxd4 9. Qxd4 Be6 10. Bxe6 fxe6 11. f4 c5 12. Qc4 Qd7 13. Bd2 d5 14. exd5 exd5 15. Qe2 d4 16. Ne4 Nxe4 17.
Qxe4 Bd6 18. Qd5+ Kh8 19. c4 dxc3 20. Bxc3 Qc6 21. Qg5 Qc7 22. Rae1 Bxf4 23. Rxf4 Rxf4 24. Re7 1-0

[Event "*** Titled Tuesday Blitz"]
[Site "Chess.com"]
[Date "2020.10.20"]
[Round "10"]
[White "MoreChessJulia"]
[Black "Klavdia_Nik"]
[Result "1-0"]
[WhiteElo "2004"]
[BlackElo "2061"]
[TimeControl "180+1"]
[EndTime "11:57:07 PDT"]
[Termination "MoreChessJulia won on time"]

1. d4 Nf6 2. Bg5 Ne4 3. Bh4 d5 4. f3 Nd6 5. Nd2 c6 6. e3 g6 7.
Bd3 Bg7 8. f4 O-O 9. Ngf3 Bf5 10. O-O Nd7 11. Ne5 f6 12. Bxf5 Nxf5 13. Nxd7 Qxd7 14. Bf2 Nd6 15. g4 e5 16. Bg3 exd4 17. exd4 f5 18. Nf3 fxg4 19. Ne5 Bxe5 20. fxe5 Ne4 21. Bf4 h5 22. Qe2 Rf5 23. Be3 Raf8 24. Rae1 Kh7 25. Bc1 Qe7 26. Qe3 g5 27. c4 Rxf1+ 28. Rxf1 Rxf1+ 29. Kxf1 Qf7+ 30. Kg2 Kg6 31. cxd5 cxd5 32. h3 gxh3+ 33. Kxh3 Qf5+ 34. Kg2 Qg4+ 35. Kf1 h4 36. Qb3 h3 37. Qxd5 Qg2+ 38. Ke1 1-0

[Event "*** Titled Tuesday Blitz"]
[Site "Chess.com"]
[Date "2020.10.20"]
[Round "10"]
[White "FMalexhdez"]
[Black "PLAYER_2006_M"]
[Result "0-1"]
[WhiteElo "2291"]
[BlackElo "2524"]
[TimeControl "180+1"]
[EndTime "11:57:08 PDT"]
[Termination "PLAYER_2006_M won by resignation"]

1. e4 e5 2. Nf3 Nc6 3. Bc4 Bc5 4.
d3 Nf6 5. c3 O-O 6. Nbd2 Bb6 7.
O-O d6 8. Re1 Ng4 9. Re2 Kh8 10.
h3 f5 11. Nf1 fxe4 12. dxe4 Rxf3 13. gxf3 Nh6 14. Bxh6 gxh6 15. Nh2 Bxh3 16. Kh1 Qf6 17. Qd5 Rf8 18. Rg1 Ne7 19. Qd3 Ng6 20. Ree1 Bxf2 21.
Qd5 Bxe1 22. Rxe1 c6 23. Qd2 Nf4 24. Rg1 h5 25. Bf1 Bxf1 26. Rxf1 Rg8 27. Rg1 Rxg1+ 28. Kxg1 Qg5+ 29. Kf1 Qg3 30. Qf2 h4 31. Qxg3 hxg3 32. Ng4 h5 33. Nf6 h4 34. Ne8 h3 35. Nxd6 h2 0-1

[Event "*** Titled Tuesday Blitz"]
[Site "Chess.com"]
[Date "2020.10.20"]
[Round "10"]
[White "Sashadav97"]
[Black "LittlePeasant"]
[Result "0-1"]
[WhiteElo "2671"]
[BlackElo "2819"]
[TimeControl "180+1"]
[EndTime "11:57:09 PDT"]
[Termination "LittlePeasant won by resignation"]

1. Nf3 d5 2. c4 c6 3. g3 Bg4 4.
Bg2 e6 5. Qb3 Qb6 6. d3 Nd7 7. Be3 Bc5 8. Bxc5 Nxc5 9. Qc3 Nf6 10. b3 O-O 11. O-O Rad8 12. Nbd2 Rfe8 13. b4 Ncd7 14.
e4 Bxf3 15. Bxf3 dxe4 16. Nxe4 Nxe4 17. dxe4 c5 18. b5 f6 19. Rfd1 Ne5 20. Be2 Rd4 21.
f4 Nf7 22. Rxd4 cxd4 23. Qd3 Qc5 24. a4 e5 25. f5 Nd6 26. Kg2 Qc7 27. Rc1 b6 28. Qf3 Nb7 29. c5 Nxc5 30. Bc4+ Kh8 31. Bd5 Rc8 32. Qh5 Qd8 33. g4 Nd3 34. Rc6 Nf4+ 0-1

[Event "*** Titled Tuesday Blitz"]
[Site "Chess.com"]
[Date "2020.10.20"]
[Round "10"]
[White "AttractiveMustard"]
[Black "Roza_Idrisova"]
[Result "1-0"]
[WhiteElo "2346"]
[BlackElo "2172"]
[TimeControl "180+1"]
[EndTime "11:57:09 PDT"]
[Termination "AttractiveMustard won by checkmate"]

1. e4 c6 2. d4 d5 3. Nd2 g6 4. Ngf3 Bg7 5. Bd3 Bg4 6. h3 Bxf3 7. Nxf3 e6 8. O-O Nf6 9. e5 Nfd7 10. Bg5 Qb6 11. Qd2 h5 12. c4 a5 13. Rac1 Qb4 14.
Qf4 Na6 15. cxd5 cxd5 16. Bxa6 bxa6 17. Rc7 Qb5 18. Rfc1 O-O 19. Bf6 Rab8 20. Ng5 Rb7 21. g4 hxg4 22. hxg4 Qxb2 23. Qh2 Nxf6 24. exf6 Bxf6 25.
Qh7# 1-0

[Event "*** Titled Tuesday Blitz"]
[Site "Chess.com"]
[Date "2020.10.20"]
[Round "10"]
[White "Makswolf200817"]
[Black "annamaja"]
[Result "1-0"]
[WhiteElo "2454"]
[BlackElo "2302"]
[TimeControl "180+1"]
[EndTime "11:57:10 PDT"]
[Termination "Makswolf200817 won by checkmate"]

1. d4 d5 2. c4 c6 3. Nf3 Nf6 4. Nc3 e6 5. e3 Bd6 6. b3 O-O 7. Bb2 Nbd7 8. Bd3 Re8 9. Qc2 e5 10. cxd5 exd4 11. dxc6 dxe3 12. cxd7 exf2+ 13. Kf1 Bxd7 14. h3 Rc8 15. Qxf2 Bc5 16. Qg3 Nh5 17. Qh2 Bc6 18. Rd1 Qe7 19. Re1 Qd7 20. Ne5 Rxe5 21. Qxe5 Qxd3+ 22. Ne2 Ng3+ 23. Qxg3 Qf5+ 24. Qf4 Qd5 25. Qg4 Re8 26.
Qxg7# 1-0

[Event "*** Titled Tuesday Blitz"]
[Site "Chess.com"]
[Date "2020.10.20"]
[Round "10"]
[White "AurumO"]
[Black "BJthechessgod"]
[Result "0-1"]
[WhiteElo "1972"]
[BlackElo "2205"]
[TimeControl "180+1"]
[EndTime "11:57:10 PDT"]
[Termination "BJthechessgod won on time"]

1. e4 c5 2. c3 d5 3. exd5 Qxd5 4. d4 Nc6 5. Nf3 Bg4 6. Be2 e6 7. Nbd2 Nf6 8. h3 Bh5 9. O-O Be7 10. Re1 O-O 11. Bc4 Qd7 12. Bb5 a6 13. Be2 cxd4 14. Nxd4 Nxd4 15. cxd4 Bxe2 16. Qxe2 Qxd4 17. Nf3 Qd7 18.
Bg5 Nd5 19. Bxe7 Qxe7 20. Rad1 Rad8 21. Qe5 Qf6 22. Qxf6 Nxf6 23. Rc1 Rc8 24. Red1 Rxc1 25. Rxc1 Rd8 26. Rc7 b5 27. Ra7 h6 28. Rxa6 Rd1+ 29. Kh2 Rb1 30. b3 Ne4 31. Ra8+ Kh7 32. Ra7 f6 33.
Rb7 Nc3 34. Nd4 e5 35. Nxb5 Nxa2 36. Nd6 Nc1 37. b4 Nd3 38. Ne8 Nxf2 39. Rxg7+ Kh8 40.
Rb7 f5 41. Nf6 Rh1+ 42. Kg3 Ne4+ 43. Nxe4 fxe4 44. Kf2 Rb1 45. g4 Rb3 46. h4 Rf3+ 47. Ke2 Rf4 48. g5 Rxh4 49. gxh6 Rxh6 50. Ke3 Rh4 51. b5 Rh3+ 52. Kxe4 Rh5 53. b6 Kg8 54. Re7 Kf8 55. Rxe5 Rh7 56. Kd5 Rh6 57.
Re6 Rh1 58. b7 Rb1 59. Kc6 Kf7 60. Re5 Rb6+ 0-1

[Event "*** Titled Tuesday Blitz"]
[Site "Chess.com"]
[Date "2020.10.20"]
[Round "10"]
[White "ShahMatKanal"]
[Black "SergeyShtyka"]
[Result "0-1"]
[WhiteElo "2434"]
[BlackElo "2309"]
[TimeControl "180+1"]
[EndTime "11:57:11 PDT"]
[Termination "SergeyShtyka won on time"]

1. Nf3 c5 2. c3 Nf6 3. g3 g6 4.
Bg2 Bg7 5. O-O O-O 6. d3 Nc6 7. a3 d5 8. b4 b6 9. Bb2 Bb7 10.
Nbd2 Re8 11. b5 Nb8 12. c4 d4 13. Ne5 Bxg2 14. Kxg2 Nfd7 15. Nxd7 Nxd7 16. a4 a5 17. Nf3 e5 18. e4 dxe3 19. fxe3 e4 20. Bxg7 exf3+ 21. Qxf3 Kxg7 22. Qxf7+ Kh8 23. Qf4 Qe7 24. Rae1 Rad8 25. d4 Kg7 26. h4 Rf8 27. Qg4 Rxf1 28. Kxf1 Nf6 29. Qf4 Qd7 30. dxc5 Qh3+ 31. Kg1 Rd2 32.
Qc7+ Nd7 0-1

[Event "*** Titled Tuesday Blitz"]
[Site "Chess.com"]
[Date "2020.10.20"]
[Round "10"]
[White "Jospem"]
[Black "GMKrikor"]
[Result "1-0"]
[WhiteElo "2968"]
[BlackElo "2808"]
[TimeControl "180+1"]
[EndTime "11:57:14 PDT"]
[Termination "Jospem won by resignation"]

1. e4 c5 2. Nf3 d6 3. c3 Nf6 4. h3 g6 5. Bd3 Bg7 6. Bc2 O-O 7. O-O e5 8. d4 cxd4 9. cxd4 Nc6 10. d5 Nb4 11.
Nc3 Nxc2 12. Qxc2 Bd7 13. Qb3 b5 14. Be3 Qa5 15. a3 Rfc8 16. Rfc1 Rab8 17. Qb4 Qxb4 18. axb4 Rc4 19. Nd2 Rxb4 20. b3 a5 21. Rxa5 Rc8 22.
Raa1 h6 23. Na2 Rxc1+ 24. Rxc1 Rxe4 25. Nxe4 Nxe4 26. Rc7 Be8 27. Nb4 f5 28. f3 Nf6 29.
Rb7 g5 30. Ba7 e4 31. Bd4 exf3 32. gxf3 Nxd5 33. Rxg7+ 1-0

[Event "*** Titled Tuesday Blitz"]
[Site "Chess.com"]
[Date "2020.10.20"]
[Round "10"]
[White "Bigfish1995"]
[Black "Aleksey_Sorokin"]
[Result "0-1"]
[WhiteElo "3032"]
[BlackElo "2867"]
[TimeControl "180+1"]
[EndTime "11:57:15 PDT"]
[Termination "Aleksey_Sorokin won by resignation"]

1. e4 c6 2. Nc3 d5 3. Qf3 e6 4. d4 dxe4 5. Qxe4 Nf6 6. Qd3 c5 7. Be3 cxd4 8. Qxd4 Qxd4 9. Bxd4 a6 10. O-O-O Nc6 11.
Bxf6 gxf6 12. Na4 Rb8 13. Nb6 Bc5 14. Nxc8 Rxc8 15. Nh3 Ke7 16. c3 f5 17. f4 Rcg8 18.
Kc2 h5 19. g3 h4 20. Rd3 Rd8 21. Rf3 f6 22. gxh4 Rxh4 23. Nf2 e5 24. fxe5 Nxe5 25.
Rxf5 Ke6 26. Bh3 Bxf2 27. Rf1 Rxh3 28. R1xf2 Ng4 29. R2f3 Rxh2+ 30. Kb3 Rdd2 31. a4 Rxb2+ 32. Ka3 b6 0-1

[Event "*** Titled Tuesday Blitz"]
[Site "Chess.com"]
[Date "2020.10.20"]
[Round "10"]
[White "Kolle05"]
[Black "mjray79"]
[Result "0-1"]
[WhiteElo "2297"]
[BlackElo "2409"]
[TimeControl "180+1"]
[EndTime "11:57:15 PDT"]
[Termination "mjray79 won by resignation"]

1. e4 e5 2. Nf3 Nc6 3. Bb5 a6 4. Ba4 Nf6 5. O-O Be7 6. Re1 b5 7. Bb3 d6 8. c3 O-O 9. h3 Nb8 10. d4 Nbd7 11. Nbd2 c5 12. Bc2 Re8 13. Nf1 Bf8 14.
d5 g6 15. Ng3 Bg7 16. Nh2 c4 17. Be3 Qc7 18. Qd2 Nc5 19. b4 cxb3 20. axb3 Bd7 21. Reb1 a5 22. b4 axb4 23. cxb4 Na4 24. Bxa4 bxa4 25.
b5 Qc4 26. Rb4 Qc7 27. b6 Qb7 28. Nf3 Rec8 29. Ne1 Ne8 30. f3 f5 31. Ne2 fxe4 32. fxe4 Bf6 33. Nd3 Bd8 34. Nc3 a3 35. Rb3 Ra6 36. Qf2 Rb8 37. Raxa3 Rxa3 38. Rxa3 Bxb6 39. Bxb6 Qxb6 40. Qxb6 Rxb6 41. Ra7 Nf6 42. Kf2 Rb3 43. Rc7 Rxc3 44. Rxc3 Nxe4+ 45. Ke3 Nxc3 0-1

[Event "*** Titled Tuesday Blitz"]
[Site "Chess.com"]
[Date "2020.10.20"]
[Round "10"]
[White "MarkkuH"]
[Black "ChainsOfFantasia"]
[Result "1-0"]
[WhiteElo "2399"]
[BlackElo "2481"]
[TimeControl "180+1"]
[EndTime "11:57:21 PDT"]
[Termination "MarkkuH won by resignation"]

1. e4 e6 2. d4 d5 3. e5 c5 4. c3 Nc6 5. Nf3 Qb6 6. Be2 Bd7 7. O-O Rc8 8. c4 cxd4 9. cxd5 exd5 10. Nbd2 Nge7 11.
Nb3 Ng6 12. Re1 Bb4 13. Bd2 Be7 14. Bd3 O-O 15. h4 Nb4 16. Bxb4 Bxb4 17. Nfd2 Nxh4 18. Qh5 Qh6 19. Qxh6 gxh6 20. a3 Bxd2 21. Nxd2 Bf5 22. Bxf5 Nxf5 23. Nf3 Rc2 24. b4 h5 25. e6 fxe6 26.
Rxe6 d3 27. Rd1 Rc3 28. a4 Kg7 29. Re5 d4 30. Rd5 Rc4 31. Rd7+ Rf7 32. Rxf7+ Kxf7 33.
Ne5+ Ke6 34. Nxc4 1-0

[Event "*** Titled Tuesday Blitz"]
[Site "Chess.com"]
[Date "2020.10.20"]
[Round "10"]
[White "fabianvivasz"]
[Black "dominikaf"]
[Result "1-0"]
[WhiteElo "2418"]
[BlackElo "2195"]
[TimeControl "180+1"]
[EndTime "11:57:22 PDT"]
[Termination "fabianvivasz won by checkmate"]

1. e4 e5 2. Nf3 d6 3. d4 exd4 4.
Nxd4 Nc6 5. Nc3 g6 6. Be3 Bg7 7. Qd2 Nge7 8. f3 O-O 9. O-O-O a6 10. h4 f5 11. Bc4+ Kh8 12. h5 Na5 13. Be6 Rf6 14. h6 Bxe6 15. hxg7+ Kxg7 16. Bg5 Bg8 17. Bxf6+ Kxf6 18.
exf5 gxf5 19. g4 Qd7 20. Qh6+ Kf7 21. Rde1 Re8 22. Ne6 Ng6 23. Qg7# 1-0

[Event "*** Titled Tuesday Blitz"]
[Site "Chess.com"]
[Date "2020.10.20"]
[Round "10"]
[White "Ladislav1969"]
[Black "EvgenyRomanov"]
[Result "0-1"]
[WhiteElo "2426"]
[BlackElo "2587"]
[TimeControl "180+1"]
[EndTime "11:57:23 PDT"]
[Termination "EvgenyRomanov won by resignation"]

1. e4 c5 2. c3 d5 3. exd5 Qxd5 4. d4 Nf6 5. dxc5 Qxc5 6. Be3 Qc7 7. Na3 Nc6 8. Nb5 Qb8 9. Nf3 a6 10. Nbd4 Bd7 11. Be2 e5 12. Nxc6 Bxc6 13. O-O Bd6 14. c4 e4 15. Nd4 Bxh2+ 16. Kh1 Be5 17. Nxc6 bxc6 18. f4 exf3 19. Bxf3 Qc7 20. Bc5 Nd7 21. Ba3 Rd8 22. Qa4 c5 23. Qxa6 O-O 24. Qc6 Qb8 25.
Bd5 Bd4 26. Rf3 Ne5 27. Qb7 Qd6 28. Rh3 Ng4 29. Rf1 Nf2+ 30. Rxf2 Bxf2 31. Rf3 Qh6+ 0-1

[Event "*** Titled Tuesday Blitz"]
[Site "Chess.com"]
[Date "2020.10.20"]
[Round "10"]
[White "Piotrek1979"]
[Black "grunbergmihai"]
[Result "0-1"]
[WhiteElo "2409"]
[BlackElo "2509"]
[TimeControl "180+1"]
[EndTime "11:57:24 PDT"]
[Termination "grunbergmihai won by checkmate"]

1. Nf3 c5 2. g3 d5 3. Bg2 Nc6 4. O-O Nf6 5. d3 g6 6. Nbd2 Bg7 7. e4 O-O 8. Re1 e6 9. c3 dxe4 10. dxe4 b6 11. e5 Nd5 12. Nc4 Qc7 13. a4 Ba6 14.
Qb3 Rad8 15. Bg5 Rd7 16. Rad1 Bxc4 17. Qxc4 Bxe5 18. Nxe5 Nxe5 19. Qh4 h5 20. c4 Nb4 21.
Bf4 Rxd1 22. Rxd1 f6 23. Bh3 Kf7 24. g4 Nf3+ 25. Kg2 Nxh4+ 26. Kg3 Qc6 27. Kxh4 g5+ 28.
Kg3 h4# 0-1

[Event "*** Titled Tuesday Blitz"]
[Site "Chess.com"]
[Date "2020.10.20"]
[Round "10"]
[White "Legendinunknown"]
[Black "Durarbayli"]
[Result "0-1"]
[WhiteElo "2606"]
[BlackElo "2771"]
[TimeControl "180+1"]
[EndTime "11:57:25 PDT"]
[Termination "Durarbayli won by resignation"]

1. e4 c5 2. Nf3 d6 3. d4 cxd4 4. Nxd4 Nf6 5. Nc3 Nc6 6. Bg5 Qb6 7. Nb3 e6 8. Be2 a6 9. O-O Be7 10. Be3 Qc7 11. f4 b5 12. Bf3 Bb7 13. Kh1 O-O 14.
Qe2 Rac8 15. g4 Nd7 16. Qg2 Na5 17. Nxa5 Qxa5 18. a3 Rxc3 19. Bd2 Rxc2 20. Bxa5 Rxg2 21. Kxg2 Nc5 22. Rac1 Bxe4 23. Bxe4 Nxe4 24. Rc6 d5 25. Rxa6 Rc8 26. Bb4 Bxb4 27. axb4 h5 28. Rb6 hxg4 29.
Rxb5 Rc2+ 30. Kg1 Rxb2 31. Rb7 d4 32. b5 d3 33. b6 Nd2 34. Rf2 Nf3+ 35. Kg2 d2 36. Rd7 Rxb6 37. Rfxd2 Nxd2 38. Rxd2 Rb3 39. Rc2 Rf3 40. Rc4 Kh7 41. Ra4 Kg6 42. Rb4 Kf5 43.
Rb7 f6 44. Rxg7 Rxf4 45. Ra7 Rb4 46. Ra2 e5 47. Rf2+ Kg5 48. h3 gxh3+ 49. Kxh3 f5 50. Kg3 e4 51. Ra2 Rb3+ 52. Kf2 f4 53. Ra8 Rb2+ 54.
Ke1 Kg4 55. Ra3 e3 0-1

[Event "*** Titled Tuesday Blitz"]
[Site "Chess.com"]
[Date "2020.10.20"]
[Round "10"]
[White "davidkalashian"]
[Black "Jumbo"]
[Result "0-1"]
[WhiteElo "2610"]
[BlackElo "2783"]
[TimeControl "180+1"]
[EndTime "11:57:27 PDT"]
[Termination "Jumbo won on time"]

1. d4 Nf6 2. c4 e6 3. Nf3 Bb4+ 4. Bd2 a5 5. Nc3 d5 6. e3 b6 7. Bd3 Bb7 8. cxd5 exd5 9. Rc1 O-O 10. O-O Re8 11. a3 Bxc3 12. bxc3 Nbd7 13. c4 c5 14. cxd5 Bxd5 15. Bb5 Re6 16. Bc3 Ne4 17. dxc5 Ndxc5 18. Ba1 Rg6 19. g3 Ng5 20. Nxg5 Qxg5 21. f4 Qf5 22. Qc2 Ne4 23. Bd3 h5 24. Qc7 Re8 25. Rfd1 h4 0-1